 Dungeon Crawl Stone Soup version 0.17-a0-2093-gc772f4b (webtiles) character file.

295 derrpe the Poker (level 6, -2/48 HPs)
             Began as a Merfolk Skald on Oct 16, 2015.
             Killed from afar by an orc wizard (9 damage)
             ... with a puff of flame
             ... on level 4 of the Dungeon.
             The game lasted 00:06:13 (3425 turns).

derrpe the Poker (Merfolk Skald)                    Turns: 3425, Time: 00:06:14

Health: -2/48      AC:  3    Str: 13      XL:     6   Next: 34%
Magic:  3/9        EV: 12    Int: 18      God:
Gold:   103        SH:  0    Dex: 11 (13) Spells: 3 memorised, 3 levels left

rFire  x . .     SeeInvis .     a - +0 spear
rCold  + . .     Clarity  .     b - +0 leather armour
rNeg   . . .     SustAt   .     (no shield)
rPois  .         Gourm    .     (no helmet)
rElec  .         Spirit   .     (no cloak)
rCorr  .         Warding  .     (no gloves)
rMut   .         Stasis   .     (no boots)
MR     +....                    (no amulet)
Stlth  +.........               k - +5 ring of intelligence
                                g - ring of ice

@: shrouded (expiring), regenerating, somewhat resistant to hostile
enchantments, very unstealthy
A: change form in water, swift swim, magic resistance 1, subdued magic 1
a: no special abilities


You were on level 4 of the Dungeon.
You were very hungry.

You visited 1 branch of the dungeon, and saw 4 of its levels.

You collected 103 gold pieces.

Inventory:

Hand Weapons
 a - a +0 spear (weapon)
Missiles
 l - 45 stones (quivered)
 r - 21 poisoned needles
 y - 4 javelins
Armour
 b - a +0 leather armour (worn)
Jewellery
 g - a ring of ice (left hand)
 k - a +5 ring of intelligence (right hand)
 w - an uncursed ring of wizardry {unknown}
 x - a +3 ring of intelligence
 z - an uncursed ring of see invisible {unknown}
Scrolls
 e - a scroll of fog {unknown}
 f - a scroll of enchant weapon {unknown}
 h - a scroll of identify {unknown}
 i - a scroll of immolation {unknown}
 p - 2 scrolls of noise {unknown}
 u - 2 scrolls of teleportation {unknown}
 v - 3 scrolls of random uselessness {unknown}
 A - a scroll of remove curse {unknown}
Potions
 j - a potion of agility
Books
 c - a book of Battle

   Spells                             Type                      Level
   a - Infusion                       Charms                       1
   b - Shroud of Golubria             Charms/Translocation         2
   c - Song of Slaying                Charms                       2
   d - Spectral Weapon                Hexes/Charms                 3
   e - Regeneration                   Charms/Necromancy            3
Comestibles
 d - a bread ration {@e1}
 n - a meat ration {@e2}
 q - 3 fruits


   Skills:
 + Level 3.7 Fighting
 * Level 5.6 Polearms
 - Level 0.6 Armour
 + Level 3.7 Dodging
 - Level 2.0 Spellcasting
 * Level 4.9 Charms


You had 3 spell levels left.
You knew the following spells:

 Your Spells              Type           Power        Failure   Level  Hunger
a - Infusion              Chrm           ##....       1%          1    #......
b - Shroud of Golubria    Chrm/Tloc      #.........   9%          2    ###....
c - Regeneration          Chrm/Necr      #.........   17%         3    ###....


Dungeon Overview and Level Annotations

Branches:
Dungeon (4/15)
 Temple: D:4-7

Altars:
Fedhas
Vehumet

Annotations:
D:3 Grinder


Innate Abilities, Weirdness & Mutations

You revert to your normal form in water.
You are very nimble and swift while swimming.
You are resistant to hostile enchantments.
Your spells are a little easier to cast, but a little less powerful.


Message History

Your shroud begins to fray at the edges.
Something hits you but does no damage.
You hit something but do no damage. You closely miss something.
Something hits you but does no damage.
You miss something.
You hear some strange, mumbled words.
A magic dart appears from out of thin air!
The magic dart hits you!
* * * LOW HITPOINT WARNING * * *
Casting: Shroud of Golubria
Confirm with . or Enter, or press ? or * to list all spells.
Your skin crawls.
You are feeling very hungry.
Your shroud bends its attack away.
Unknown command.
You miss something.
You hear some strange, mumbled words.
A puff of flame appears from out of thin air!
The puff of flame hits you! The fire burns you terribly!
You die... ###### ### ..... ..##### ## #..######...... ## ...###..@)....# ... #..#..#####..# ##o. . #......## #..##.. .oo

##....<.###..#o#.(.#
##.....#.....o.o.#
..............#.#...#
........#.....#...
...
###..#...#....#.#$..
.
##########......#...


There were no monsters in sight!

Vanquished Creatures
  Sigmund (D:2)
  Jessica (D:3)
  An orc wizard (D:4)
  3 adders
  An ooze (D:2)
  A worm (D:2)
  7 orcs
  2 ball pythons
  6 goblins
  2 hobgoblins
  6 bats
  4 giant newts
  9 kobolds
  10 rats
54 creatures vanquished.

Vanquished Creatures (others)
  A hobgoblin (D:2)
  A giant newt (D:2)
2 creatures vanquished.

Grand Total: 56 creatures vanquished

Notes
Turn   | Place    | Note
--------------------------------------------------------------
     0 | D:1      | derrpe the Merfolk Skald began the quest for the Orb.
     0 | D:1      | Reached XP level 1. HP: 16/16 MP: 3/3
   462 | D:1      | Reached XP level 2. HP: 20/23 MP: 5/5
  1230 | D:2      | Reached XP level 3. HP: 26/28 MP: 6/6
  1340 | D:2      | Learned a level 2 spell: Shroud of Golubria
  1344 | D:2      | Learned a level 3 spell: Regeneration
  1644 | D:2      | Found a radiant altar of Vehumet.
  1830 | D:2      | Noticed Sigmund
  1877 | D:2      | HP: 1/28 [Sigmund/puff of flame (12)]
  1880 | D:2      | Killed Sigmund
  1880 | D:2      | Reached skill level 5 in Polearms
  1880 | D:2      | Reached XP level 4. HP: 1/35 MP: 3/7
  1880 | D:2      | Reached XP level 5. HP: 1/41 MP: 3/8
  2622 | D:3      | Found a blossoming altar of Fedhas.
  2713 | D:3      | Reached XP level 6. HP: 35/47 MP: 9/9
  3015 | D:3      | Noticed Jessica
  3023 | D:3      | Killed Jessica
  3063 | D:3      | Noticed Grinder
  3095 | D:3      | Gained mutation: Your spells are a little easier to cast, but a little less powerful. [potion of mutation]
  3095 | D:3      | Gained mutation: You are resistant to hostile enchantments. [potion of mutation]
  3101 | D:3      | Paralysed by Grinder for 7 turns
  3137 | D:3      | Paralysed by Grinder for 7 turns
  3425 | D:4      | Killed from afar by an orc wizard

Vault maps used:
D:1:      dpeg_arrival_yet_another_circle, serial_glass, glass_columns_b,
          glass_columns_a
D:2:      fiery_altar_vehumet, uniq_sigmund
D:3:      fedhas_altar_3, uniq_grinder, uniq_jessica
D:4:      led_sif_pool, lightli_temple_of_fire, first_bread,
          portal_sewer_entry_f, hex_large

Action                   |  1- 3 |  4- 6 || total
-------------------------+-------+-------++-------
Melee: Spear             |   135 |   164 ||   299
Throw: Stone             |    73 |    41 ||   114
 Cast: Shroud of Golubri |     1 |     1 ||     2
       Infusion          |     1 |     1 ||     2
       Regeneration      |       |     4 ||     4
  Use: Potion            |     2 |     5 ||     7
  Eat: Chunk             |     3 |     5 ||     8
